 Dungeon Crawl Stone Soup version 0.30.1-11-g7821555f0a (webtiles) character file.

Game seed: 15681422844548192619

7 RancidPinata the Sneak (level 2, 0/21 HPs)
             Began as an Octopode Delver on Jan 3, 2024.
             Slain by a centaur (3 damage)
             ... on level 5 of the Dungeon.
             The game lasted 00:04:00 (855 turns).

RancidPinata the Sneak (Octopode Delver)             Turns: 855, Time: 00:04:02

Health: 0/21       AC:  1    Str: 11    XL:     2   Next: 4%
Magic:  2/2        EV: 13    Int: 12    God:
Gold:   39         SH:  0    Dex: 13    Spells: 1/1 levels left

rFire   + . .        a - +0 short sword
rCold   + . .        (no shield)
rNeg    . . .        (helmet restricted)
rPois   +            (no amulet)
rElec   +            (no ring)
rCorr   +            (no ring)
SInv    .            (no ring)
Will    .....        (no ring)
Stlth   ++++         (no ring)
HPRegen 0.23/turn    (no ring)
MPRegen 0.08/turn    (no ring)
                     (no ring)

%: no passive effects
@: resistant
A: almost no armour, amphibious, 8 rings, camouflage 1, gelatinous body 1,
(nimble swimmer 1), tentacles
a: no special abilities


You were on level 5 of the Dungeon.
You visited 2 branches of the dungeon, and saw 4 of its levels.

You collected 39 gold pieces.

Inventory:

Hand Weapons
 a - a +0 short sword (weapon)
 l - a +0 morningstar
Magical Staves
 d - a staff of air
Wands
 f - a wand of digging (3)
Scrolls
 b - a scroll of fog
 c - a scroll of magic mapping
 i - a scroll of identify {unknown}
 j - 2 scrolls of enchant armour
Potions
 e - a potion of haste


   Skills:
 + Level 3.1 Fighting
 + Level 2.1 Short Blades
 + Level 2.2 Dodging
 + Level 6.7 Stealth


You had one spell level left.
You didn't know any spells.
Your spell library was empty.

Dungeon Overview and Level Annotations

Branches:
Dungeon (7/15)             Temple (1/1) D:6

Altars:
Elyvilon
Fedhas
Okawaru
Trog
Zin
The Shining One


Innate Abilities, Weirdness & Mutations

You cannot wear most types of armour.
You are amphibious.
You can wear up to eight rings at the same time.
Your skin changes colour to match your surroundings (Stealth+).
Your rubbery body absorbs attacks. (AC +1, EV +1)
((You are camouflaged when in or above water. (Stealth+)))
You have tentacles for arms and can constrict up to eight enemies at once.


Message History

You climb upwards.
There is a stone staircase leading down here.
You start waiting.
Done waiting.
A centaur comes into view.
Found a stone staircase leading up.
The centaur shouts!
The centaur wields a +0 shortbow.
The centaur shoots an arrow.
The arrow closely misses you.
The centaur unwields a +0 shortbow.
The centaur hits you. The centaur misses you.
There is a stone staircase leading up here.
You barely miss the centaur.
The centaur hits you but does no damage.
The centaur kicks you. The centaur hits you. The centaur kicks you.
You hit the centaur.
The centaur is lightly wounded.
The centaur barely misses you. The centaur kicks you.
You barely miss the centaur.
The centaur is lightly wounded.
The centaur closely misses you.
The centaur kicks you but does no damage.
You hit the centaur.
The centaur is moderately wounded.
The centaur hits you. The centaur kicks you.
The centaur hits you but does no damage.
The centaur closely misses you.
You hit the centaur. Your squeeze misses the centaur.
The centaur is moderately wounded.
The centaur hits you. The centaur kicks you.
* * * LOW HITPOINT WARNING * * *
It was a potion of resistance.
You feel protected. The centaur hits you.
* * * LOW HITPOINT WARNING * * *
The centaur misses you. The centaur closely misses you. The centaur kicks you.
* * * LOW HITPOINT WARNING * * *
It was a potion of magic.
Magic courses through your body. The centaur hits you.
You die...

#.# #..# #.#.# #.#
#..# #.#.#
#.####..# #.#.#
#.......####.#.####
######....##......#
#.......>.##.####.
#.##.#####........
#.##.# #.#......
.....# #@# #####
......# #c# ......#
#.# ......## #.#
..... #.# #.# #.#
#.#


You could see a centaur.

Vanquished Creatures
  A shadow imp (D:6)
1 creature vanquished.

Notes
Turn   | Place    | Note
-------+----------+-------------------------------------------
     0 | D:5      | RancidPinata the Octopode Delver began the quest for the
                  | Orb.
     0 | D:5      | Reached XP level 1. HP: 16/16 MP: 1/1
    14 | D:6      | Found a staircase to the Ecumenical Temple.
    24 | D:6      | Noticed a hound
    29 | Temple   | Entered the Ecumenical Temple
   145 | D:6      | Noticed a bullfrog
   287 | D:7      | Noticed an iguana
   298 | D:6      | Noticed an ogre
   342 | D:6      | Reached XP level 2. HP: 9/21 MP: 2/2
   845 | D:5      | Noticed a centaur
   855 | D:5      | Slain by a centaur

Illustrated notes

Levels and vault maps discovered:
D:5:      layout_loops_ring, serial_shops, nicolae_shop_hallway_plus,
          uniq_sigmund
D:6:      layout_rooms, grunt_dithmenos_smoke_and_mirrors,
          nicolae_overflow_hallway_of_the_gods, temple_pool_b,
          grunt_decor_junction, uniq_eustachio
D:7:      layout_rooms, tgw_xom, nicolae_wu_jian_immortal_techniques,
          kennysheep_generic_room_12
Temple:   nicolae_temple_superstar

Action                     || total
---------------------------++-------
  Melee: Short sword       ||     9
         Constrict         ||     1
         Tentacles         ||     1
  Throw: Stone             ||     4
    Use: Scroll            ||     2
         Potion            ||     2
 Armour: Skin              ||     4
  Dodge: Dodged            ||     9
